 Dungeon Crawl Stone Soup version 0.24-a0-274-gb3763e6 (webtiles) character file.

Game seed: 9024541331060026473

2552 Jekyll the Gusty (level 9, -2/72 HPs)
             Began as a Pale Draconian Air Elementalist on Apr 26, 2019.
             Was a Follower of Sif Muna.
             Shot with a bolt by an orc warrior (7 damage)
             ... in a bailey.
             The game lasted 00:41:26 (9592 turns).

Jekyll the Gusty (Pale Draconian Air Elementalist)  Turns: 9592, Time: 00:41:27

Health: -2/72      AC: 13    Str: 19    XL:     9   Next: 31%
Magic:  13/26      EV: 10    Int: 18    God:    Sif Muna [*.....]
Gold:   89         SH: 11    Dex: 13    Spells: 9/19 levels left

rFire    . . .     SeeInvis .   a - +5 trident (venom)
rCold    . . .     Gourm    .   G - +2 shield "Hytz" {rElec rCorr Str+3 Dex-2}
rNeg     . . .     Faith    .   (armour unavailable)
rPois    .         Spirit   .   c - +0 hat "Hybux" {MP+9}
rElec    +         Reflect  .   (no cloak)
rCorr    +         Harm     .   J - +2 pair of gloves {Dex+3}
MR       .....                  L - +2 pair of boots
Stlth    ++........             n - amulet of regeneration
HPRegen  0.62/turn              e - ring of fire
MPRegen  0.20/turn              y - ring of ice

@: mighty, very slightly contaminated, divine energy
A: breathe steam, unfitting armour, cold-blooded, AC +7
a: Breathe Steam, Stop Divine Energy, Renounce Religion


You were in a bailey.
You worshipped Sif Muna.
Sif Muna was aware of your devotion.
You were not hungry.

You visited 2 branches of the dungeon, and saw 8 of its levels.
You also visited: Bailey.

You collected 291 gold pieces.
You spent 202 gold pieces at shops.

Inventory:

Hand Weapons
 a - a +5 trident of venom (weapon)
 r - the cursed +3 whip of the Skies Above {flame, rElec}
   (You found it on level 7 of the Dungeon)

   It has been specially enchanted to burn those struck by it, causing extra
   injury to most foes and up to half again as much damage against particularly
   susceptible opponents.
   It insulates you from electricity.
   It has a curse placed upon it.
 v - a +2 hand axe of chopping
Missiles
 i - 22 sling bullets
 x - 14 javelins (quivered)
Armour
 c - the +0 hat "Hybux" (worn) {MP+9}
   (You acquired it on level 7 of the Dungeon)

   It affects your magic capacity (+9).
 G - the +2 shield "Hytz" (worn) {rElec rCorr Str+3 Dex-2}
   (You found it on level 6 of the Dungeon)

   It affects your strength (+3).
   It affects your dexterity (-2).
   It insulates you from electricity.
   It provides partial protection from all sources of acid and corrosion.
 J - a +2 pair of gloves of dexterity (worn)
 L - a +2 pair of boots (worn)
Magical Staves
 E - an uncursed staff of power
Jewellery
 e - a ring of fire (left hand)
 n - an amulet of regeneration (around neck)
 y - a ring of ice (right hand)
 z - an uncursed amulet of the gourmand
Wands
 g - a wand of disintegration (10)
 F - a wand of iceblast (10)
Scrolls
 d - a scroll of enchant armour
 j - 5 scrolls of remove curse
 o - a scroll of identify
 t - 5 scrolls of teleportation
Potions
 f - 3 potions of agility {unknown}
 k - a potion of cancellation {unknown}
 l - 4 potions of might
 m - 2 potions of curing
 p - 5 potions of degeneration
 q - a potion of heal wounds {unknown}
 s - a potion of ambrosia {unknown}
 w - a potion of resistance {unknown}
 A - a potion of mutation {unknown}
 D - 3 potions of lignification
Comestibles
 b - 16 rations
 h - a chunk of flesh


   Skills:
 - Level 4.4 Fighting
 + Level 5.0 Polearms
 - Level 0.3 Throwing
 - Level 1.8 Dodging
 - Level 1.8 Stealth
 * Level 3.5 Shields
 - Level 5.6 Spellcasting
 - Level 4.0 Conjurations
 + Level 0.8 Hexes
 - Level 3.7 Charms
 - Level 6.5 Air Magic


You had 9 spell levels left.
You knew the following spells:

 Your Spells              Type           Power        Failure   Level  Hunger
a - Shock                 Conj/Air       ###.         6%          1    None
b - Swiftness             Chrm/Air       ###.....     10%         2    None
c - Confusing Touch       Hex            #.....       36%         1    None
d - Passwall              Tmut/Erth      #.......     63%         2    None
e - Airstrike             Air            ####......   36%         4    ####...

Your spell library contained the following spells:

 Spells                   Type           Power        Failure   Level  Hunger
 Static Discharge         Conj/Air       ###.....     19%         3    ##.....
 Sandblast                Erth           #.....       50%         1    None
 Stone Arrow              Conj/Erth      ##....       56%         3    ##.....
 Confuse                  Hex            #.......     75%         3    ##.....
 Gell's Gravitas          Tloc           #.........   86%         3    ##.....
 Lightning Bolt           Conj/Air       ###.......   86%         5    #####..
 Petrify                  Tmut/Erth      #.......     99%         4    ####...
 Lee's Rapid Deconstruct  Erth           #.........   100%        5    #####..
 Metabolic Englaciation   Hex/Ice        #.........   100%        5    #####..
 Yara's Violent Unravell  Hex/Tmut       #.........   100%        5    #####..


Dungeon Overview and Level Annotations

Branches:
Dungeon (7/15)             Temple (1/1) D:4

Altars:
Ashenzari
Cheibriados
Dithmenos
Elyvilon
Fedhas
Gozag
Hepliaklqana
Kikubaaqudgha
Makhleb
Nemelex Xobeh
Okawaru
Qazlal
Ru
Sif Muna
Trog
Uskayaw
Vehumet
Wu Jian
Xom
Yredelemnul
Zin
The Shining One

Shops:
D:6 [

Annotations:
D:3 Purgy
D:5 exclusion: 2 downstairs


Innate Abilities, Weirdness & Mutations

You can breathe blasts of scalding, opaque steam.
Your pale cyan-grey scales are hard. (AC +7)
You cannot fit into any form of body armour.
You are cold-blooded and may be slowed by cold attacks.


Message History

You see here a bolt.
You hit the orc warrior but do no damage.
The orc warrior is lightly wounded.
The orc warrior shoots a bolt.
The bolt closely misses you.
An orc warrior comes into view. It is wielding a +0 glaive.
You hit the orc warrior but do no damage.
The orc warrior is poisoned.
The orc warrior is lightly wounded.
The orc warrior no longer looks unusually strong.
You block the orc warrior's attack.
You feel very mighty all of a sudden.
The orc warrior hits you but does no damage.
The orc warrior unwields a +0 arbalest.
You block the orc warrior's attack.
The orc warrior shoots a bolt.
The bolt hits you!
You puncture the orc warrior!
The orc warrior is severely wounded.
You block the orc warrior's attack. The orc warrior hits you!!
* * * LOW HITPOINT WARNING * * *
The orc warrior shoots a bolt.
The bolt hits you!
You die... ### ##∩## #@∩.# #ooo#

≈≈o≈≈.......≈≈o
≈.oo≈.......≈oo
≈≈.≈≈o......≈≈o≈
.≈≈≈..#...#.)≈≈≈
.....##...##....
##### ##∩## ####
##


You could see 5 orc warriors and 2 orcs.

Vanquished Creatures
  Pikel (D:6)
  A hippogriff (D:7)
  Edmund (D:6)
  Menkaure (D:4)
  3 orc warriors
  2 sky beasts (D:6)
  2 phantoms
  An ogre (D:6)
  A scorpion (D:4)
  5 wights (D:6)
  A crimson imp (D:5)
  3 orc priests
  3 jellies
  A bullfrog zombie (D:5)
  An orc wizard (D:4)
  A bullfrog skeleton (D:7)
  4 worker ants
  A hound zombie (D:6)
  Robin (D:4)
  12 gnolls
  7 adders
  An ooze (D:1)
  2 adder skeletons
  2 adder zombies
  6 worms (D:2)
  3 leopard geckos
  20 orcs
  3 bats
  5 giant cockroaches
  11 hobgoblins
  4 jackals (D:7)
  4 quokkas
  A ball python (D:1)
  4 frilled lizards
  15 goblins
  3 kobolds
  7 rats
144 creatures vanquished.

Vanquished Creatures (others)
  3 slaves (D:6)
  An orc (D:6)
4 creatures vanquished.

Grand Total: 148 creatures vanquished

Notes
Turn   | Place    | Note
-------+----------+-------------------------------------------
     0 | D:1      | Jekyll the Draconian Air Elementalist began the quest for
                  | the Orb.
     0 | D:1      | Reached XP level 1. HP: 14/14 MP: 3/3
   315 | D:1      | Reached XP level 2. HP: 20/20 MP: 3/5
   319 | D:1      | Learned a level 2 spell: Swiftness
  1708 | D:2      | Reached XP level 3. HP: 26/26 MP: 0/6
  2342 | D:2      | Reached skill level 1 in Charms
  2342 | D:2      | Reached XP level 4. HP: 34/34 MP: 1/8
  3186 | D:3      | Noticed a phantom
  3248 | D:3      | Killed a phantom
  3248 | D:3      | Reached skill level 1 in Fighting
  3248 | D:3      | Reached XP level 5. HP: 40/40 MP: 0/9
  3435 | D:3      | Learned a level 1 spell: Confusing Touch
  3446 | D:3      | Reached skill level 4 in Air Magic
  3835 | D:3      | Noticed Purgy
  4111 | D:4      | Reached XP level 6. HP: 31/48 MP: 1/11
  4553 | D:5      | Entered Level 5 of the Dungeon
  4719 | D:4      | Noticed Menkaure
  5005 | D:4      | Found a staircase to the Ecumenical Temple.
  5030 | D:4      | Learned a level 2 spell: Passwall
  5031 | Temple   | Entered the Ecumenical Temple
  5196 | Temple   | Became a worshipper of Sif Muna the Loreminder
  5435 | D:4      | Noticed Robin
  5457 | D:4      | Killed Robin
  5549 | D:4      | Your scales start taking on a pale cyan-grey colour.
  5549 | D:4      | Reached XP level 7. HP: 56/56 MP: 8/13
  5603 | D:4      | Killed Menkaure
  5603 | D:4      | Reached skill level 5 in Air Magic
  5681 | D:4      | Learned a level 4 spell: Airstrike
  6987 | D:6      | Noticed Pikel
  7370 | D:6      | Reached XP level 8. HP: 53/63 MP: 4/15
  7371 | D:6      | Reached * piety under Sif Muna
  7526 | D:6      | Reached skill level 5 in Spellcasting
  7550 | D:6      | Found a glowing golden altar of the Shining One.
  7783 | D:6      | Killed Pikel
  7783 | D:6      | Reached skill level 1 in Polearms
  7783 | D:6      | Reached skill level 6 in Air Magic
  7793 | D:6      | Got a spiked shield
  7799 | D:6      | Identified the +2 shield "Hytz" {rElec rCorr Str+3 Dex-2}
                  | (You found it on level 6 of the Dungeon)
  8011 | D:6      | Reached skill level 1 in Shields
  8069 | D:6      | Noticed Edmund
  8096 | D:6      | Killed Edmund
  8380 | D:6      | Found Jiunenor's Antique Armour Shop.
  8388 | D:6      | Bought a pair of runed gloves for 202 gold pieces
  8498 | D:6      | Reached XP level 9. HP: 67/72 MP: 13/17
  9137 | D:7      | Identified a scroll of acquirement
  9140 | D:7      | Got an encrusted hat
  9146 | D:7      | Identified the +0 hat "Hybux" {MP+9} (You acquired it on
                  | level 7 of the Dungeon)
  9193 | D:7      | Found a sacrificial altar of Ru.
  9230 | D:7      | Got an ancient whip
  9231 | D:7      | Identified the cursed +3 whip of the Skies Above {flame,
                  | rElec} (You found it on level 7 of the Dungeon)
  9542 | D:7      | Found a flagged portal.
  9558 | Bailey   | Entered a bailey
  9558 | Bailey   | Noticed an orc knight
  9578 | Bailey   | Reached skill level 5 in Polearms
  9592 | Bailey   | Shot with a bolt by an orc warrior

Levels and vault maps discovered:
D:1:      lightli_arrival_farm, layout_basic, lemuel_flame_loot_1
D:2:      layout_loops_ring
D:3:      layout_basic, first_ration, uniq_purgy
D:4:      layout_basic, minmay_temple_entry_offerings, uniq_menkaure, uniq_robin
D:5:      layout_layer_cave
D:6:      layout_basic, nicolae_tso_carved_into_rock, serial_shops, shop,
          minmay_fractal_squares_diagonal_5, uniq_edmund, uniq_pikel
D:7:      layout_loops_ring, nicolae_ru_awakened_eye, enter_bailey_7
Temple:   regret_index_temple_chain_breaker
Bailey:   bailey_polearm_4, bailey

Skill      XL: |  1  2  3  4  5  6  7  8  9 |
---------------+----------------------------+-----
Charms         | 1 2 3 |  3.7
Conjurations   | 2 3 4 |  4.0
Spellcasting   | 3 4 5 |  5.6
Fighting       | 1 2 3 4 |  4.4
Air Magic      | 4 5 6 |  6.5
Polearms       | 3 5 |  5.0
Shields        | 2 3 |  3.5
Throwing       | |  0.3
Dodging        | |  1.8
Stealth        | |  1.8
Hexes          | |  0.8

Action                   |  1- 3 |  4- 6 |  7- 9 || total
-------------------------+-------+-------+-------++-------
Melee: Unarmed           |     4 |       |       ||     4
       Club              |    30 |     7 |       ||    37
       Tailslap          |     2 |    13 |    21 ||    36
       Trident           |       |    77 |   127 ||   204
       Hand axe          |       |    23 |     1 ||    24
       Spear             |       |       |    20 ||    20
Throw: Javelin           |       |       |     2 ||     2
 Cast: Shock             |    80 |   155 |    97 ||   332
       Confusing Touch   |       |     4 |     7 ||    11
       Swiftness         |       |     1 |       ||     1
       Airstrike         |       |       |    10 ||    10
Invok: Divine Energy     |       |       |     1 ||     1
 Abil: Breathe Steam     |       |       |     3 ||     3
  Use: Scroll            |       |       |    19 ||    19
       Potion            |       |       |     1 ||     1
 Stab: Sleeping          |     2 |       |     2 ||     4
       Distracted        |       |     2 |       ||     2
       Confused          |       |     1 |     2 ||     3
  Eat: Chunk             |     5 |     7 |    12 ||    24
       Ration            |       |     1 |     1 ||     2
Armor: Skin              |    22 |    46 |    34 ||   102
Dodge: Dodged            |    30 |    89 |    68 ||   187
Block: Shield            |       |       |    38 ||    38

Table legend:
 A = Non-vault XP
 B = Vault XP
 C = Vault XP percentage of total XP
 D = Non-vault monster count
 E = Vault monster count
 F = Vault count percentage of total count
                 A         B        C        D         E       F
            +---------+---------+-------+---------+---------+-------
      Total |    2179 |    1467 |  40.2 |     123 |      21 |  14.6
            +---------+---------+-------+---------+---------+-------
        D:1 |      27 |       0 |   0.0 |      15 |       0 |   0.0
        D:2 |      91 |       0 |   0.0 |      28 |       0 |   0.0
        D:3 |     234 |       0 |   0.0 |      21 |       0 |   0.0
        D:4 |     333 |     182 |  35.3 |      15 |       8 |  34.8
        D:5 |     365 |       0 |   0.0 |      10 |       0 |   0.0
        D:6 |     809 |     993 |  55.1 |      23 |       6 |  20.7
        D:7 |     320 |      32 |   9.1 |      11 |       4 |  26.7
     Bailey |       0 |     260 | 100.0 |       0 |       3 | 100.0
            +---------+---------+-------+---------+---------+-------
